Map: Invader LE

Players

Fropez

  • Race: Protoss Protoss
  • League: Silver
  • Spawn Location: 11:00

Calcfriend - Winner!

  • Race: Protoss Protoss
  • League: Silver
  • Spawn Location: 7:00

VOD

Have the link to the VOD?

Description

Time

  • Played on: April 16, 2016, 8:12 p.m.
  • Length: 15:06
Show
View Real Time Build Order
Export as new Build Order

Fropez Protoss 

Build Orders:  

Get SALT Encoding   

  12  0:08  Probe (Chrono Boost)  
  13  0:19  Pylon  
  13  0:25  Pylon  
  13  0:27  Probe (Chrono Boost)  
  14  0:49  Probe (Chrono Boost)  
  15  0:55  Gateway  
  15  1:00  Probe (Chrono Boost)  
  16  1:05  Assimilator  
  16  1:11  Probe (Chrono Boost)  
  17  1:21  Probe (Chrono Boost)  
  18  1:32  Pylon, Probe (Chrono Boost)  
  19  1:42  Probe (Chrono Boost)  
  19  1:44  Cybernetics Core  
  20  1:52  Assimilator  
  20  1:53  Probe (Chrono Boost)  
  21  2:01  Gateway  
  21  2:04  Probe (Chrono Boost)  
  21  2:30  Probe (Chrono Boost)  
  21  2:36  Zealot  
  23  2:56  Probe (Chrono Boost)  
  24  2:59  Warp Gate  
  24  3:01  Zealot  
  26  3:10  Zealot  
  28  3:13  Probe (Chrono Boost)  
  28  3:14  Pylon  
  29  3:21  Pylon  
  29  3:24  Probe (Chrono Boost)  
  29  3:26  Gateway  
  30  3:34  Probe (Chrono Boost)  
  30  3:40  Stalker  
  33  3:43  Zealot  
  33  3:45  Mothership Core (Chrono Boost)  
  35  4:03  Probe (Chrono Boost)  
  35  4:05  Stargate  
  36  4:10  Stalker  
  36  4:13  Zealot  
  36  4:14  Probe (Chrono Boost)  
  36  4:15  Zealot  
  43  4:31  Probe (Chrono Boost)  
  44  4:40  Stalker  
  44  4:41  Probe (Chrono Boost)  
  44  4:45  Twilight Council  
  47  4:52  Probe (Chrono Boost)  
  48  5:03  Probe (Chrono Boost)  
  48  5:06  Oracle  
  52  5:13  Probe (Chrono Boost)  
  53  5:24  Probe (Chrono Boost)  
  54  5:33  Pylon x2, Blink (Chrono Boost)  
  54  5:34  Probe  
  55  5:44  Pylon  
  55  5:50  Oracle  
  58  6:14  Stalker x3  
  64  6:25  Robotics Facility  
  64  6:29  Nexus  
  64  6:31  Assimilator  
  64  6:33  Assimilator  
  64  6:38  Pylon  
  64  6:50  Stalker  
  64  6:51  Stalker x2  
  64  6:53  Probe  
  71  7:05  Probe  
  71  7:07  Phoenix  
  74  7:17  Probe  
  75  7:24  Observer  
  75  7:29  Probe  
  77  7:31  Stalker  
  79  7:43  Probe  
  80  7:45  Observer  
  81  8:08  Nexus  
  81  8:11  Pylon  
  81  8:14  Observer  
  76  8:31  Stalker  
  76  8:32  Stalker x2  
  61  8:55  Stalker  
  61  8:56  Stalker  
  65  9:10  Gateway  
  65  9:24  Stalker  
  67  9:34  Probe  
  67  9:37  Stalker  
  67  9:38  Probe  
  71  9:55  Probe x2  
  73  10:07  Probe  
  73  10:08  Probe  
  75  10:18  Templar Archives  
  75  10:23  Forge  
  75  10:50  Stalker x4  
  75  10:54  Psionic Storm  
  83  11:03  Assimilator  
  83  11:05  Probe  
  83  11:06  Assimilator  
  88  11:20  Probe  
  88  11:23  Probe  
  86  11:26  Gateway  
  86  11:27  Probe, Gateway  
  86  11:30  Pylon  
  87  11:51  Stalker x4  
  95  11:55  Protoss Ground Weapons Level 1 (Chrono Boost)  
  95  12:16  Nexus  
  95  12:20  Probe  
  96  12:26  Assimilator  
  96  12:28  Assimilator  
  96  12:32  Pylon  
  96  12:36  Pylon  
  96  12:43  Pylon  
  96  12:51  Pylon  
  96  13:03  Probe  
  96  13:04  Probe  
  98  13:11  Probe  
  99  13:13  Probe  
  97  13:21  Stalker x4  
  97  13:49  High Templar x4  
  104  14:03  High Templar  
  104  14:04  High Templar  
Show
View Real Time Build Order
Export as new Build Order

Calcfriend Protoss - Winner!

Build Orders: 1 Gate Expand 

Get SALT Encoding   

  12  0:02  Probe (Chrono Boost)  
  13  0:22  Probe (Chrono Boost)  
  13  0:26  Pylon  
  14  0:33  Probe (Chrono Boost)  
  15  0:49  Probe (Chrono Boost), Gateway  
  16  1:00  Probe (Chrono Boost)  
  16  1:01  Assimilator  
  17  1:18  Probe (Chrono Boost)  
  18  1:21  Assimilator  
  19  1:32  Probe (Chrono Boost)  
  19  1:34  Nexus  
  19  1:43  Probe (Chrono Boost)  
  20  1:48  Forge  
  20  1:55  Probe (Chrono Boost)  
  21  2:07  Probe (Chrono Boost)  
  22  2:14  Pylon  
  22  2:19  Probe (Chrono Boost)  
  23  2:29  Photon Cannon  
  23  2:34  Probe (Chrono Boost)  
  24  2:45  Cybernetics Core  
  24  2:46  Probe x2 (Chrono Boost)  
  26  3:02  Probe x2 (Chrono Boost)  
  28  3:10  Photon Cannon  
  28  3:12  Photon Cannon  
  28  3:13  Probe x2 (Chrono Boost)  
  30  3:21  Pylon  
  30  3:29  Pylon  
  30  3:45  Pylon  
  30  3:50  Stargate  
  30  3:51  Probe x2 (Chrono Boost)  
  30  3:54  Stargate  
  32  3:58  Photon Cannon  
  32  4:02  Probe x2 (Chrono Boost)  
  34  4:05  Assimilator  
  34  4:12  Probe (Chrono Boost)  
  34  4:13  Probe (Chrono Boost)  
  34  4:15  Stargate  
  36  4:21  Assimilator  
  36  4:23  Probe x2 (Chrono Boost)  
  38  4:33  Probe (Chrono Boost)  
  38  4:34  Probe (Chrono Boost)  
  40  4:44  Probe x2 (Chrono Boost)  
  42  4:52  Phoenix  
  44  4:53  Phoenix  
  44  4:59  Probe x2 (Chrono Boost)  
  48  5:01  Protoss Air Weapons Level 1  
  48  5:09  Stalker  
  48  5:10  Probe x2 (Chrono Boost)  
  52  5:19  Robotics Facility  
  52  5:20  Photon Cannon  
  52  5:22  Photon Cannon  
  52  5:23  Probe x2 (Chrono Boost)  
  54  5:30  Phoenix  
  54  5:31  Phoenix  
  58  5:47  Phoenix  
  60  5:55  Nexus  
  60  5:56  Pylon, Phoenix  
  64  6:04  Mothership Core (Chrono Boost)  
  64  6:19  Photon Cannon  
  64  6:23  Phoenix x3  
  70  6:29  Pylon  
  70  6:31  Pylon  
  70  6:34  Pylon  
  70  6:48  Phoenix, Pylon  
  70  6:49  Observer  
  70  6:50  Pylon  
  73  6:58  Photon Cannon  
  73  7:00  Photon Cannon  
  73  7:02  Probe x2 (Chrono Boost)  
  79  7:27  Void Ray  
  79  7:28  Void Ray x2  
  87  7:31  Probe x3 (Chrono Boost)  
  87  7:33  Assimilator  
  87  7:35  Assimilator  
  90  7:41  Pylon  
  90  7:43  Protoss Air Armor Level 1  
  90  7:44  Pylon  
  90  8:09  Probe x3 (Chrono Boost)  
  90  8:10  Void Ray x2  
  87  9:06  Void Ray x2  
  87  9:07  Void Ray  
  99  9:26  Probe x3 (Chrono Boost)  
  102  9:38  Pylon, Probe x3 (Chrono Boost)  
  105  9:39  Pylon  
  105  9:44  Stargate  
  105  9:46  Stargate  
  105  9:54  Fleet Beacon  
  105  9:59  Observer, Cybernetics Core  
  106  10:10  Void Ray x3  
  114  10:41  Void Ray x2  
  122  10:53  Protoss Air Weapons Level 2  
  122  10:54  Photon Cannon  
  122  10:56  Photon Cannon  
  122  10:57  Protoss Air Armor Level 2  
  122  10:59  Photon Cannon  
  122  11:01  Protoss Shields Level 1  
  122  11:02  Void Ray x2  
  122  11:03  Void Ray  
  132  11:27  Void Ray x2  
  138  11:48  Void Ray x3  
  150  12:05  Photon Cannon  
  150  12:06  Photon Cannon  
  150  12:10  Void Ray  
  154  12:28  Pylon  
  154  12:29  Pylon  
  154  12:30  Pylon  
  154  12:32  Photon Cannon  
  154  12:33  Photon Cannon x2  
  154  12:36  Void Ray  
  154  12:37  Void Ray, Photon Cannon  
  158  12:38  Photon Cannon  
  162  12:46  Void Ray x2  
  170  12:52  Twilight Council  
  170  12:58  Void Ray  
  146  13:56  Void Ray x4  
  146  13:57  Void Ray  
Tags
 
Matchup
PvP
Replay Pack
All Mines
Spawn Locations
Close Positions
Add a new tag
Caveats
  • Supply blocks, unpowered buildings, or Contaminate may cause inaccurate times.
  • Supply counts are checked every 10 seconds.